 Dungeon Crawl Stone Soup version 0.25-a0-474-ga8a2ee3166 (webtiles) character file.

Game seed: 952711457676083991, levelgen mode: deterministic

301 ReteAZ the Cutter (level 6, -6/50 HPs)
             Began as a Gnoll Wanderer on Feb 8, 2020.
             Splashed by an orc's acid (12 damage)
             ... on level 4 of the Dungeon.
             The game lasted 00:05:13 (3748 turns).

ReteAZ the Cutter (Gnoll Wanderer)                  Turns: 3748, Time: 00:05:14

Health: -6/50      AC:  2    Str: 15    XL:     6   Next: 37%
Magic:  0/8        EV: 12    Int: 16    God:
Gold:   240        SH:  0    Dex: 14    Spells: 8/8 levels left

rFire    + . .     SeeInvis .   a - +2 dagger
rCold    . . .     Gourm    .   (no shield)
rNeg     . . .     Faith    .   e - +0 robe
rPois    .         Spirit   +   (no helmet)
rElec    .         Reflect  .   (no cloak)
rCorr    .         Harm     .   (no gloves)
MR       .....                  (no boots)
Stlth    +.........             g - amulet of guardian spirit
HPRegen  0.16/turn              n - ring of protection from fire
MPRegen  0.11/turn              w - ring of attention (curse)

@: no status effects
A: distributed training, fangs 1, strong nose
a: no special abilities


You were on level 4 of the Dungeon.
You were not hungry.

You visited 1 branch of the dungeon, and saw 4 of its levels.

You collected 240 gold pieces.

Inventory:

Hand Weapons
 a - a +2 dagger (weapon)
 b - a +0 hunting sling
 c - a +0 short sword
Missiles
 y - 8 sling bullets
Armour
 e - a +0 robe (worn)
Jewellery
 g - an amulet of guardian spirit (around neck)
 n - a ring of protection from fire (left hand)
 w - a cursed ring of attention (right hand)
Wands
 d - a wand of random effects (9)
Scrolls
 h - a scroll of amnesia {unknown}
 j - 6 scrolls of remove curse {unknown}
 m - 5 scrolls of identify {unknown}
 s - 2 scrolls of fear
 v - a scroll of enchant weapon {unknown}
Potions
 i - a potion of heal wounds {unknown}
 k - a potion of haste {unknown}
 l - 2 potions of brilliance {unknown}
 o - a potion of mutation {unknown}
 p - a potion of curing {unknown}
 q - a potion of ambrosia {unknown}
 r - a potion of resistance {unknown}
 u - a potion of flight {unknown}
 x - a potion of magic {unknown}
Comestibles
 f - 6 rations
 t - 3 chunks of flesh


   Skills:
 + Level 4.9 Fighting
 + Level 6.8 Short Blades
 + Level 1.9 Long Blades
 + Level 1.9 Axes
 + Level 3.2 Maces & Flails
 + Level 1.9 Polearms
 + Level 1.9 Staves
 + Level 1.9 Slings
 + Level 1.9 Bows
 + Level 1.9 Crossbows
 + Level 3.2 Throwing
 + Level 3.2 Armour
 + Level 1.9 Dodging
 + Level 3.0 Stealth
 + Level 1.9 Shields
 + Level 1.9 Unarmed Combat
 + Level 1.9 Spellcasting
 + Level 1.5 Conjurations
 + Level 1.5 Hexes
 + Level 1.5 Charms
 + Level 1.5 Summonings
 + Level 1.5 Necromancy
 + Level 1.5 Translocations
 + Level 1.5 Transmutations
 + Level 1.5 Fire Magic
 + Level 1.5 Ice Magic
 + Level 1.5 Air Magic
 + Level 1.5 Earth Magic
 + Level 1.5 Poison Magic
 + Level 2.1 Invocations
 + Level 3.2 Evocations


You had 8 spell levels left.
You didn't know any spells.
Your spell library was empty.

Dungeon Overview and Level Annotations

Branches:
Dungeon (4/15)
 Temple: D:4-7

Altars:


Innate Abilities, Weirdness & Mutations

Your experience applies equally to all skills.
You have very sharp teeth.
Your uncanny sense of smell can sniff out nearby items.


Message History

You are too injured to fight recklessly!
You are too injured to fight recklessly!
You are too injured to fight recklessly!
You are too injured to fight recklessly!
You are too injured to fight recklessly!
You are too injured to fight recklessly!
You are too injured to fight recklessly!
You closely miss the orc. The orc closely misses you.
The orc wizard casts a spell at you. The magic dart hits you.
The orc misses you.
You completely miss the orc wizard.
The orc wizard is moderately wounded.
The orc wizard hits you with a +0 dagger.
You closely miss the orc wizard.
You punch the orc wizard, but do no damage.
The orc wizard is moderately wounded.
The orc zaps a wand.
The bolt of acid hits you!!
* * * LOW HITPOINT WARNING * * *
You are splashed with acid!
You die...

.......# ......
...#........ ....<.
..........# #.(..
####.........# ....
##.#......#...##..##...
≈#..#.....#...#(.......
≈##.#...........#
≈≈#.............## ∆
.≈#.....(.......@#.
≈≈#...##....#..ooo......
≈##........#####.##.o...
##.........###..... #...
###..÷.............. ..
.##..........#.####..#
##.##..........# ..#
#................# ..
.....#....#..##..#


You could see an orc wizard and 3 orcs.

Vanquished Creatures
  A bullfrog (D:4)
  A water moccasin skeleton (D:4)
  A hound (D:4)
  An orc wizard (D:4)
  3 adders
  An adder skeleton (D:4)
  4 worms
  2 dart slugs
  8 leopard geckos
  9 bats
  7 giant cockroaches
  7 hobgoblins
  7 jackals
  A ball python (D:1)
  4 frilled lizards
  7 goblins
  A jackal skeleton (D:4)
  8 kobolds
  9 rats
82 creatures vanquished.

Notes
Turn   | Place    | Note
-------+----------+-------------------------------------------
     0 | D:1      | ReteAZ the Gnoll Wanderer began the quest for the Orb.
     0 | D:1      | ReteAZ set off with the following items: a +2 dagger, a
                  | scroll of fear, a +0 short sword, a wand of random effects
                  | (15), a +0 robe, a ration
     0 | D:1      | Reached XP level 1. HP: 20/20 MP: 2/2
   244 | D:1      | Reached XP level 2. HP: 22/26 MP: 1/3
   790 | D:2      | Reached XP level 3. HP: 13/31 MP: 4/4
  1098 | D:2      | Reached skill level 1 in Invocations
  1457 | D:2      | Reached skill level 1 in Long Blades
  1457 | D:2      | Reached skill level 1 in Axes
  1457 | D:2      | Reached skill level 1 in Polearms
  1457 | D:2      | Reached skill level 1 in Staves
  1457 | D:2      | Reached skill level 1 in Slings
  1457 | D:2      | Reached skill level 1 in Bows
  1457 | D:2      | Reached skill level 1 in Crossbows
  1457 | D:2      | Reached skill level 1 in Dodging
  1457 | D:2      | Reached skill level 1 in Shields
  1457 | D:2      | Reached skill level 1 in Unarmed Combat
  1457 | D:2      | Reached skill level 1 in Spellcasting
  1483 | D:2      | Reached XP level 4. HP: 38/38 MP: 6/6
  2192 | D:3      | Reached skill level 1 in Conjurations
  2192 | D:3      | Reached skill level 1 in Hexes
  2192 | D:3      | Reached skill level 1 in Charms
  2192 | D:3      | Reached skill level 1 in Summonings
  2192 | D:3      | Reached skill level 1 in Necromancy
  2192 | D:3      | Reached skill level 1 in Translocations
  2192 | D:3      | Reached skill level 1 in Transmutations
  2192 | D:3      | Reached skill level 1 in Fire Magic
  2192 | D:3      | Reached skill level 1 in Ice Magic
  2192 | D:3      | Reached skill level 1 in Air Magic
  2192 | D:3      | Reached skill level 1 in Earth Magic
  2192 | D:3      | Reached skill level 1 in Poison Magic
  3005 | D:3      | Reached XP level 5. HP: 43/43 MP: 7/7
  3378 | D:4      | Reached XP level 6. HP: 46/50 MP: 8/8
  3748 | D:4      | Splashed by an orc's acid

Levels and vault maps discovered:
D:1:      dpeg_arrival_stone_temple_mockup, layout_rooms
D:2:      layout_basic, first_ration
D:3:      layout_basic, minmay_misc_feat_doors, minmay_fractal_squares_gapless_5
D:4:      layout_cave_pools, kennysheep_small_circle

Skill      XL: |  1  2  3  4  5  6 |
---------------+-------------------+-----
Invocations    | 1 2 |  2.1
Long Blades    | 1 |  1.9
Axes           | 1 |  1.9
Polearms       | 1 |  1.9
Staves         | 1 |  1.9
Slings         | 1 |  1.9
Bows           | 1 |  1.9
Crossbows      | 1 |  1.9
Dodging        | 1 |  1.9
Shields        | 1 |  1.9
Unarmed Combat | 1 |  1.9
Spellcasting   | 1 |  1.9
Conjurations   | 1 |  1.5
Hexes          | 1 |  1.5
Charms         | 1 |  1.5
Summonings     | 1 |  1.5
Necromancy     | 1 |  1.5
Translocations | 1 |  1.5
Transmutations | 1 |  1.5
Fire Magic     | 1 |  1.5
Ice Magic      | 1 |  1.5
Air Magic      | 1 |  1.5
Earth Magic    | 1 |  1.5
Poison Magic   | 1 |  1.5
Maces & Flails | 3 |  3.2
Throwing       | 3 |  3.2
Armour         | 3 |  3.2
Evocations     | 3 |  3.2
Stealth        | 3 |  3.0
Fighting       | |  4.9
Short Blades   | |  6.8

Action                   |  1- 3 |  4- 6 || total
-------------------------+-------+-------++-------
Melee: Dagger            |   131 |   147 ||   278
       Bite              |     6 |    14 ||    20
       Punch             |       |     1 ||     1
 Fire: Hunting sling     |       |    56 ||    56
Evoke: Wand              |     4 |     2 ||     6
 Stab: Sleeping          |     6 |     1 ||     7
       Paralysed         |       |     1 ||     1
  Eat: Chunk             |     2 |     7 ||     9
Armor: Robe              |    12 |    27 ||    39
Dodge: Dodged            |    61 |   119 ||   180

Table legend:
 A = Non-vault XP
 B = Vault XP
 C = Vault XP percentage of total XP
 D = Non-vault monster count
 E = Vault monster count
 F = Vault count percentage of total count
                 A         B        C        D         E       F
            +---------+---------+-------+---------+---------+-------
      Total |     359 |      72 |  16.7 |      73 |       9 |  11.0
            +---------+---------+-------+---------+---------+-------
        D:1 |      27 |       0 |   0.0 |      18 |       0 |   0.0
        D:2 |      64 |       0 |   0.0 |      20 |       0 |   0.0
        D:3 |      52 |      29 |  35.8 |      27 |       7 |  20.6
        D:4 |     216 |      43 |  16.6 |       8 |       2 |  20.0
            +---------+---------+-------+---------+---------+-------
